 Dungeon Crawl Stone Soup version 0.28-a0-69-g49dcd67cf8 (webtiles) character file.

Game seed: 9303963080338144719

7 arson the Skirmisher (level 2, -2/28 HPs)
             Began as a Gargoyle Berserker on July 31, 2021.
             Was a Follower of Trog.
             Slain by a jackal (3 damage)
             ... on level 1 of the Dungeon.
             The game lasted 00:01:45 (246 turns).

arson the Skirmisher (Gargoyle Berserker)            Turns: 246, Time: 00:01:46

Health: -2/28      AC:  6    Str: 20    XL:     2   Next: 0%
Magic:  2/2        EV: 11    Int:  7    God:    Trog [*.....]
Gold:   5          SH:  0    Dex:  9    Spells: 1/1 levels left

rFire   . . .      SeeInvis .   a - +0 mace
rCold   . . .      Faith    .   (no shield)
rNeg    + . .      Spirit   .   b - +0 animal skin
rPois   ∞          Reflect  .   (no helmet)
rElec   +          Harm     .   (no cloak)
rCorr   .          Rampage  .   c - +0 pair of gloves
Will    .....                   (no boots)
Stlth   ..........              (no amulet)
HPRegen 0.09/turn               (no ring)
MPRegen 0.08/turn               (no ring)

@: berserking, very quick
A: sickness immunity, AC +2, negative energy resistance 1, electricity
resistance, torment resistance 1, petrification resistance
a: Renounce Religion, Berserk


You were on level 1 of the Dungeon.
You worshipped Trog.
Trog was aware of your devotion.
You visited 1 branch of the dungeon, and saw 1 of its levels.

You collected 5 gold pieces.

Inventory:

Hand Weapons
 a - a +0 mace (weapon)
Armour
 b - a +0 animal skin (worn)
 c - a +0 pair of gloves (worn)


   Skills:
 + Level 3.5 Fighting
 + Level 3.2 Maces & Flails
 - Level 2.1 Armour
 - Level 1.5 Dodging


You had one spell level left.
You didn't know any spells.
Your spell library was empty.

Dungeon Overview and Level Annotations

Branches:
Dungeon (1/15)

Altars:


Innate Abilities, Weirdness & Mutations

You are immune to sickness and miasma.
Your stone body is resilient. (AC +2)
You are immune to poison.
You resist negative energy. (rN+)
You are resistant to electric shocks. (rElec)
You are resistant to unholy torment.
You are immune to petrification.


Message History

The jackal bites you.
* * * LOW HITPOINT WARNING * * *
The jackal closely misses you.
The jackal bites you but does no damage.
The jackal closely misses you. The jackal closely misses you.
A red film seems to cover your vision as you go berserk!
You feel yourself moving faster!
You feel mighty! The jackal bites you.
* * * LOW HITPOINT WARNING * * *
The jackal bites you but does no damage.
The jackal barely misses you.
The jackal bites you but does no damage.
The jackal closely misses you.
You closely miss the jackal.
The jackal is severely wounded.
The jackal bites you.
* * * LOW HITPOINT WARNING * * *
The jackal bites you but does no damage. x2
The jackal misses you. x2
You thump the jackal!
You kill the jackal!
Trog accepts your kill.
The jackal bites you but does no damage. x3
You have reached level 2!
You barely miss the jackal. The jackal bites you.
* * * LOW HITPOINT WARNING * * *
The jackal closely misses you.
The jackal bites you but does no damage.
You barely miss the jackal.
The jackal bites you but does no damage. x2
The jackal closely misses you.
The jackal bites you but does no damage.
You closely miss the jackal. The jackal barely misses you. x2
The jackal bites you but does no damage.
You sock the jackal!
You kill the jackal!
Trog accepts your kill.
The jackal bites you but does no damage.
The jackal bites you.
You die...

#.........#
###.........#
...........#
#.........####
#.............
#.............
#...........#
#....h.......
##..@h...#### .
#####......# ..
#..........# #..
#..........# ..
#..........##.##...
#................#
#..........###.....
#..........# ...
#..........# .


You could see 2 jackals.

Vanquished Creatures
  A dart slug (D:1)
  A ball python (D:1)
  A hobgoblin (D:1)
  2 jackals (D:1)
5 creatures vanquished.

Notes
Turn   | Place    | Note
-------+----------+-------------------------------------------
     0 | D:1      | arson the Gargoyle Berserker began the quest for the Orb.
     0 | D:1      | Reached XP level 1. HP: 14/14 MP: 1/1
   114 | D:1      | Upgraded the game from 0.28-a0-60-g54b5640690 to
                  | 0.28-a0-69-g49dcd67cf8
   241 | D:1      | HP: 1/21 [jackal (1)]
   243 | D:1      | Reached XP level 2. HP: 2/19 MP: 2/2
   246 | D:1      | Slain by a jackal

Illustrated notes

Levels and vault maps discovered:
D:1:      saegor_arrival_simple_d, layout_rooms

Action                   || total
-------------------------++-------
Melee: Mace              ||    18
Invok: Berserk           ||     1
Armor: Animal skin       ||    25
Dodge: Dodged            ||    22

Table legend: (Time is in decaauts)
 A = Elapsed time spent in this place.
 B = Non-inter-level travel time spent in this place.
 C = Inter-level travel time spent in this place.
 D = Time resting spent in this place.
 E = Time spent auto-exploring this place.
 F = Levels seen in this place.
 G = Mean time per level.
                   A        B        C        D        E       F      G
               +--------+--------+--------+--------+--------+-----+--------+
         Total |    248 |    248 |      0 |     91 |    108 |   1 |  248.0 |
       Dungeon |    248 |    248 |      0 |     91 |    108 |   1 |  248.0 |
               +--------+--------+--------+--------+--------+-----+--------+

Top non-repeatable levels by time:
     D:1: 248 daAuts
